 Dungeon Crawl Stone Soup version 0.22-a0-228-g3692b99 (webtiles) character file.

88 b5mith the Poker (level 4, -8/41 HPs)
             Began as a Minotaur Berserker on Feb 19, 2018.
             Was a Believer of Trog.
             Mangled by Grinder (9 damage)
             ... while paralysed by Grinder
             ... on level 3 of the Dungeon.
             The game lasted 00:04:23 (2446 turns).

b5mith the Poker (Minotaur Berserker)               Turns: 2446, Time: 00:04:23

Health: -8/41      AC:  2    Str: 22    XL:     4   Next: 29%
Magic:  3/3        EV:  2    Int:  4    God:    Trog [**....]
Gold:   172        SH:  0    Dex: 10    Spells: 3/3 levels left

rFire    . . .     SeeInvis .   a - +0 spear
rCold    . . .     Gourm    .   (no shield)
rNeg     . . .     Faith    .   b - +0 animal skin
rPois    +         Spirit   .   (helmet restricted)
rElec    .         Reflect  .   (no cloak)
rCorr    .         Harm     .   (no gloves)
MR       .....                  (no boots)
Stlth    +.........             (no amulet)
HPRegen  0.13/turn              u - ring of poison resistance
MPRegen  0.08/turn              (no ring)

@: paralysed, hasted
A: retaliatory headbutt, horns 2
a: Berserk, Trog's Hand, Renounce Religion


You were on level 3 of the Dungeon.
You worshipped Trog.
Trog was pleased with you.
You were not hungry.

You visited 1 branch of the dungeon, and saw 3 of its levels.

You collected 172 gold pieces.

Inventory:

Hand Weapons
 a - a +0 spear (weapon)
Missiles
 d - 47 stones (quivered)
Armour
 b - a +0 animal skin (worn)
Jewellery
 u - a ring of poison resistance (left hand)
Wands
 v - a wand of digging (14)
Scrolls
 e - a scroll of teleportation
 h - 4 scrolls of identify {@r1}
 i - 2 scrolls of magic mapping {unknown}
 l - a scroll of enchant armour {unknown}
 m - a scroll of random uselessness {unknown}
 p - a scroll of enchant weapon {unknown}
 q - a scroll of fog {unknown}
 s - 2 scrolls of remove curse {unknown}
 t - a scroll of noise {unknown}
Potions
 f - 2 potions of curing {unknown}
 g - a potion of cancellation {unknown}
 j - a potion of ambrosia {unknown}
 k - 2 potions of heal wounds {unknown}
 n - a potion of agility {unknown}
Comestibles
 c - 5 rations


   Skills:
 + Level 4.3 Fighting
 + Level 4.4 Polearms
 + Level 3.4 Armour
 + Level 3.1 Dodging


You had 3 spell levels left.
You didn't know any spells.

Dungeon Overview and Level Annotations

Branches:
Dungeon (3/15)

Altars:

Annotations:
D:3 Grinder


Innate Abilities, Weirdness & Mutations

You reflexively headbutt those who attack you in melee.
You have a pair of horns on your head.


Message History

Pain shoots through your body!
You feel yourself speed up.
You hit Grinder. Your headbutt misses Grinder.
Grinder is severely wounded.
Grinder gestures at you. Pain shoots through your body!
* * * LOW HITPOINT WARNING * * *
You hit Grinder.
Grinder is severely wounded.
Grinder blinks!
Grinder hits you.
* * * LOW HITPOINT WARNING * * *
You writhe in agony.
* * * LOW HITPOINT WARNING * * *
Grinder gestures at you.
You suddenly lose the ability to move!
Grinder says, "Don't move a muscle."
Grinder rolls her eyes.
Grinder hits you!
You die...

##)##.# #. ##########.##.# #.
............#.# #.
##########.##.###############.
####............)....
####[############# #.#
#########)# #..<..@5..#
.(((((#######.# .#### #.# ####
#.# ..... #.# ###...###.#
#......<#.# ..........#
#.......#.#


You could see Grinder.

Vanquished Creatures
  3 adders
  A worm (D:2)
  3 dart slugs
  3 leopard geckos
  3 orcs (D:3)
  3 giant cockroaches (D:1)
  8 hobgoblins
  8 kobolds
  A quokka (D:3)
  A ball python (D:2)
  6 bats (D:1)
  3 frilled lizards
  3 rats
46 creatures vanquished.

Notes
Turn   | Place    | Note
-------+----------+-------------------------------------------
     0 | D:1      | b5mith the Minotaur Berserker began the quest for the Orb.
     0 | D:1      | Reached XP level 1. HP: 19/19 MP: 0/0
   137 | D:1      | Reached XP level 2. HP: 27/27 MP: 1/1
   552 | D:1      | Reached ** piety under Trog
   604 | D:1      | Reached XP level 3. HP: 30/33 MP: 2/2
  1758 | D:3      | Noticed Grinder
  1769 | D:3      | HP: 1/33 [Grinder/nerve-wracking pain (11)]
  2060 | D:3      | Reached XP level 4. HP: 39/40 MP: 3/3
  2443 | D:3      | HP: 1/41 [Grinder (3)]
  2444 | D:3      | Paralysed by Grinder for 2 turns
  2446 | D:3      | Mangled by Grinder

Vault maps used:
D:1:      lemuel_arrival_hallway, serial_bayou_pond_d
D:2:      minmay_misc_feat_doors
D:3:      uniq_grinder

Skill      XL: |  1  2  3 |
---------------+----------+-----
Polearms       | 4 |  4.4
Fighting       | 4 |  4.3
Armour         | 3 |  3.4
Dodging        | 3 |  3.1

Action                   |  1- 3 |  4- 6 || total
-------------------------+-------+-------++-------
Melee: Spear             |   111 |    23 ||   134
       Headbutt          |    10 |     5 ||    15
Throw: Stone             |     8 |    12 ||    20
  Use: Scroll            |     2 |       ||     2
       Potion            |       |     1 ||     1
 Stab: Sleeping          |     3 |       ||     3
  Eat: Chunk             |     3 |       ||     3
       Ration            |     1 |       ||     1
Armor: Animal skin       |    10 |       ||    10
Dodge: Dodged            |    37 |     6 ||    43

Table legend:
 A = Spawn XP
 B = Non-spawn XP
 C = Spawn XP percentage of total XP
 D = Spawn monster count
 E = Non-spawn monster count
 F = Spawn count percentage of total count
 G = Total turns spent on level
                    A         B        C        D         E        F      G
               +---------+---------+-------+---------+---------+-------+---------
         Total |       0 |     126 |   0.0 |       0 |      46 |   0.0 |  2446
               +---------+---------+-------+---------+---------+-------+---------
           D:1 |       0 |      42 |   0.0 |       0 |      22 |   0.0 |   710
           D:2 |       0 |      36 |   0.0 |       0 |      11 |   0.0 |  1037
           D:3 |       0 |      48 |   0.0 |       0 |      13 |   0.0 |   699
               +---------+---------+-------+---------+---------+-------+---------
